 Dungeon Crawl Stone Soup version 0.21.1-1-g345015f (webtiles) character file.

1423 vatarom the Conjurer (level 8, -3/71 HPs)
             Began as a White Draconian Conjurer on Mar 23, 2018.
             Was a Follower of Vehumet.
             Slain by Duvessa
             ... wielding a +0 short sword
              (13 damage)
             ... on level 6 of the Dungeon.
             The game lasted 00:20:35 (6779 turns).

vatarom the Conjurer (White Draconian Conjurer)     Turns: 6779, Time: 00:20:36

Health: -3/71      AC:  8    Str: 10    XL:     8   Next: 44%
Magic:  1/16       EV: 12    Int: 18    God:    Vehumet [*.....]
Gold:   405        SH:  0    Dex: 12    Spells: 2/17 levels left

rFire    + . .     SeeInvis +   o - +2 whip (distort)
rCold    + + .     Gourm    .   (no shield)
rNeg     . . .     Faith    .   (armour unavailable)
rPois    +         Spirit   .   (helmet restricted)
rElec    +         Reflect  .   (no cloak)
rCorr    +         Harm     .   (no gloves)
MR       .....                  d - +1 pair of boots
Stlth    ++........             (no amulet)
HPRegen  0.21/turn              u - ring of see invisible
MPRegen  0.15/turn              (no ring)

@: about to teleport, resistant
A: breathe frost, unfitting armour, stinger 1, cold resistance 1, electricity
resistance, wild magic 1, cold-blooded, AC +6
a: Breathe Frost, Renounce Religion


You were on level 6 of the Dungeon.
You worshipped Vehumet.
Vehumet was aware of your devotion.
You were not hungry.

You visited 2 branches of the dungeon, and saw 7 of its levels.

You collected 405 gold pieces.

Inventory:

Hand Weapons
 o - a +2 whip of distortion (weapon)
Missiles
 e - 5 tomahawks of returning (quivered)
Armour
 d - a +1 pair of boots (worn)
Jewellery
 f - an uncursed ring of protection from fire
 h - an uncursed amulet of faith
 u - a ring of see invisible (left hand)
Scrolls
 g - 4 scrolls of remove curse
 j - a scroll of teleportation
 k - 2 scrolls of enchant weapon
 l - a scroll of amnesia
 n - a scroll of immolation
 w - a scroll of fear {unknown}
 x - a scroll of identify
Potions
 c - a potion of agility {unknown}
 i - a potion of might
 m - a potion of haste
 p - 3 potions of brilliance {unknown}
 q - a potion of degeneration {unknown}
 r - a potion of resistance
 t - a potion of cancellation {unknown}
 z - a potion of magic {unknown}
Books
 a - a book of Conjurations

   Spells                             Type                      Level
   a - Magic Dart                     Conjuration                  1
   b - Searing Ray                    Conjuration                  2
   c - Dazzling Spray                 Conjuration/Hexes            3
   d - Fulminant Prism                Conjuration/Hexes            4
   e - Force Lance                    Conjuration/Translocation    4
   f - Iskenderun's Mystic Blast      Conjuration                  4
Comestibles
 b - 6 rations
 A - 5 chunks of flesh


   Skills:
 + Level 6.3 Fighting
 - Level 1.7 Dodging
 - Level 1.7 Stealth
 * Level 5.4 Spellcasting
 + Level 7.4 Conjurations
 * Level 2.3 Ice Magic


You had 2 spell levels left.
You knew the following spells:

 Your Spells              Type           Power        Failure   Level  Hunger
a - Magic Dart            Conj           ####         1%          1    None
b - Searing Ray           Conj           #####.       1%          2    #......
c - Dazzling Spray        Conj/Hex       ###...       13%         3    ##.....
d - Fulminant Prism       Conj/Hex       ###.......   36%         4    ####...
e - Force Lance           Conj/Tloc      ###.....     36%         4    ####...
f - Freeze                Ice            ###.         8%          1    None


Dungeon Overview and Level Annotations

Branches:
Dungeon (6/15)             Temple (1/1) D:5

Altars:
Ashenzari
Cheibriados
Gozag
Hepliaklqana
Kikubaaqudgha
Makhleb
Nemelex Xobeh
Okawaru
Qazlal
Ru
Trog
Vehumet
Xom

Annotations:
D:6 Duvessa


Innate Abilities, Weirdness & Mutations

You can breathe waves of freezing cold.
You can buffet flying creatures when you breathe cold.
Your icy white scales are hard. (AC +6)
You cannot fit into any form of body armour.
Your flesh is cold resistant. (rC+)
You are cold-blooded and may be slowed by cold attacks.
Your tail ends in a poisonous barb.
You are resistant to electric shocks. (rElec)
Your spells are a little harder to cast, but a little more powerful.


Message History

Aiming: Force Lance
Press: ? - help, Shift-Dir - straight line, f/p - Duvessa
Aim: Duvessa, wielding a short sword and wearing a leather armour (severely wounded, berserk, fast, unusually strong, blind)
The lance of force misses Duvessa.
Duvessa is no longer blind.
The hound bites you. Duvessa hits you with a short sword!
* * * LOW HITPOINT WARNING * * *
The hound closely misses you. Duvessa misses you.
Casting: Force Lance
Confirm with . or Enter, or press ? or * to list all spells.
You don't have enough magic to cast that spell.
You barely miss Duvessa.
Duvessa is severely wounded.
The hound misses you. Duvessa barely misses you.
The hound bites you but does no damage.
Unknown command.
As you read the scroll of teleportation, it crumbles to dust.
You feel strangely unstable. Duvessa hits you with a short sword.
* * * LOW HITPOINT WARNING * * *
The hound bites you but does no damage. Duvessa hits you with a short sword!
You die...

####.# #.# # #.#
#.# # #.# #.# #
#.# #.# ####.# #.#
.....# #.# ###..#
#.# # # #..# #.#
####.#
###..#####.#
#@h..#
...........##
#e####
###<........# #[#
#.#######.# #.#
#.# #.# #.# #.#
#)# #.#
###.#######.# #.#
.)..........# #.#
<#.#############.#


You could see Duvessa (berserk) and a hound.

Vanquished Creatures
  The ghost of bmj180 the Covered, an amateur HaFi (D:3)
  The ghost of TheNamelessOne the Conjurer, an amateur DsCj (D:4)
  An ice beast (D:6)
  An ogre (D:6)
  A centaur (D:5)
  A bullfrog (D:6)
  A scorpion (D:5)
  Dowan (D:6)
  A howler monkey (D:4)
  2 crimson imps (D:5)
  A jelly (D:6)
  A hound (D:4)
  A bullfrog skeleton (D:6)
  An orc priest (D:6)
  A centaur skeleton (D:4)
  An orc wizard (D:6)
  2 iguanas (D:6)
  2 worker ants (D:6)
  5 gnolls
  11 adders
  An ooze (D:2)
  2 adder skeletons
  2 adder zombies
  2 worms (D:2)
  4 dart slugs
  3 leopard geckos
  13 orcs
  9 bats
  3 giant cockroaches
  4 goblins
  4 hobgoblins
  11 jackals
  4 kobolds
  6 quokkas
  3 ball pythons (D:6)
  8 frilled lizards
  12 rats
128 creatures vanquished.

Vanquished Creatures (others)
  A phantom (D:6)
  A centaur skeleton (D:6)
  An adder (D:6)
3 creatures vanquished.

Grand Total: 131 creatures vanquished

Notes
Turn   | Place    | Note
-------+----------+-------------------------------------------
     0 | D:1      | vatarom the Draconian Conjurer began the quest for the Orb.
     0 | D:1      | Reached XP level 1. HP: 14/14 MP: 3/3
   255 | D:1      | Reached skill level 1 in Fighting
   345 | D:1      | Reached XP level 2. HP: 23/23 MP: 3/5
   349 | D:1      | Learned a level 2 spell: Searing Ray
  1095 | D:2      | Reached XP level 3. HP: 25/29 MP: 1/6
  1154 | D:2      | Gained mutation: You are resistant to electric shocks. (rElec) [potion of mutation]
  1154 | D:2      | Gained mutation: Your spells are a little harder to cast, but a little more powerful. [potion of mutation]
  1154 | D:2      | Gained mutation: Your tail ends in a poisonous barb. [potion of mutation]
  1201 | D:2      | Learned a level 3 spell: Dazzling Spray
  1387 | D:2      | Reached XP level 4. HP: 13/37 MP: 0/7
  1680 | D:2      | Found a sparkling altar of Nemelex Xobeh.
  1680 | D:2      | Found an opulent altar of Gozag.
  1830 | D:2      | You fall through a shaft for 2 floors!
  2345 | D:2      | Reached skill level 5 in Conjurations
  2679 | D:3      | Reached XP level 5. HP: 45/45 MP: 4/9
  2845 | D:3      | Noticed bmj180's ghost (amateur HaFi)
  3062 | D:3      | Killed bmj180's ghost
  3062 | D:3      | Reached XP level 6. HP: 38/52 MP: 1/10
  3681 | D:3      | Learned a level 4 spell: Fulminant Prism
  3953 | D:4      | Noticed TheNamelessOne's ghost (amateur DsCj)
  3974 | D:4      | Killed TheNamelessOne's ghost
  3974 | D:4      | Reached skill level 6 in Conjurations
  4609 | D:4      | Reached skill level 5 in Fighting
  4609 | D:4      | Your scales start taking on an icy white colour.
  4609 | D:4      | Reached XP level 7. HP: 61/61 MP: 7/12
  4609 | D:4      | Gained mutation: Your flesh is cold resistant. (rC+) [White Draconian growth]
  4674 | D:4      | Found a bloodstained altar of Trog.
  4675 | D:4      | Found an iron altar of Okawaru.
  4745 | D:5      | Entered Level 5 of the Dungeon
  5155 | D:5      | Found a staircase to the Ecumenical Temple.
  5164 | Temple   | Entered the Ecumenical Temple
  5176 | Temple   | Became a worshipper of Vehumet
  6192 | D:6      | Reached skill level 7 in Conjurations
  6287 | D:6      | Found an iron altar of Okawaru.
  6307 | D:6      | Reached XP level 8. HP: 60/70 MP: 14/14
  6313 | D:6      | Learned a level 4 spell: Force Lance
  6563 | D:6      | Reached * piety under Vehumet
  6563 | D:6      | Offered knowledge of Freeze by Vehumet.
  6563 | D:6      | Reached skill level 5 in Spellcasting
  6566 | D:6      | Learned a level 1 spell: Freeze
  6589 | D:6      | Reached skill level 1 in Ice Magic
  6752 | D:6      | Noticed Duvessa
  6752 | D:6      | Noticed Dowan
  6758 | D:6      | Killed Dowan
  6779 | D:6      | Slain by Duvessa

Skill      XL: |  1  2  3  4  5  6  7  8 |
---------------+-------------------------+-----
Fighting       | 1 2 3 5 6 |  6.3
Conjurations   | 5 6 7 |  7.4
Spellcasting   | 3 4 5 |  5.4
Ice Magic      | 2 |  2.3
Dodging        | |  1.7
Stealth        | |  1.7

Action                   |  1- 3 |  4- 6 |  7- 9 || total
-------------------------+-------+-------+-------++-------
Melee: Unarmed           |     9 |       |       ||     9
       Short sword       |    33 |     2 |       ||    35
       Tailslap          |     6 |     4 |     9 ||    19
       Whip              |       |    57 |   104 ||   161
 Cast: Magic Dart        |    40 |    39 |    18 ||    97
       Searing Ray       |     3 |    15 |     7 ||    25
       Dazzling Spray    |       |     2 |     7 ||     9
       Freeze            |       |       |     2 ||     2
       Force Lance       |       |       |     1 ||     1
 Abil: Breathe Frost     |       |       |     4 ||     4
  Use: Scroll            |     3 |     9 |     1 ||    13
       Potion            |     2 |     3 |     4 ||     9
 Stab: Sleeping          |     3 |     2 |     3 ||     8
       Invisible         |       |       |     2 ||     2
  Eat: Chunk             |     2 |    10 |     3 ||    15
       Ration            |       |     1 |     1 ||     2
Armor: Skin              |    19 |    33 |    33 ||    85
Dodge: Dodged            |    49 |    80 |    82 ||   211
